 Dungeon Crawl Stone Soup version 0.29-a0-321-gf1c400731a (webtiles) character file.

Game seed: 4264332374132233911

22 spaghetti the Skirmisher (level 2, -1/32 HPs)
             Began as an Ogre Fighter on Apr 3, 2022.
             Succumbed to a kobold's poison
             ... on level 1 of the Dungeon.
             The game lasted 00:00:40 (655 turns).

spaghetti the Skirmisher (Ogre Fighter)              Turns: 655, Time: 00:00:40

Health: -1/32      AC:  3    Str: 19    XL:     2   Next: 91%
Magic:  11/11      EV:  8    Int:  9    God:
Gold:   35         SH:  7    Dex:  8    Spells: 1/1 levels left

rFire   . . .      SeeInvis .     - Unarmed
rCold   . . .      Faith    .   b - +0 kite shield
rNeg    . . .      Spirit   .   a - +0 robe
rPois   .          Reflect  .   (helmet restricted)
rElec   .          Harm     .   (no cloak)
rCorr   .          Rampage  .   (gloves unavailable)
Will    .....                   (boots unavailable)
Stlth   +.........              (no amulet)
HPRegen 0.10/turn               h - ring of magical power
MPRegen 0.12/turn               (no ring)

@: mighty, lethally poisoned (-1 -> -20)
A: large, unfitting armour, tough skin 1
a: no special abilities


You were on level 1 of the Dungeon.
You visited 1 branch of the dungeon, and saw 1 of its levels.

You collected 35 gold pieces.


Innate Abilities, Weirdness & Mutations

You are too large for most types of armour.
You have tough skin. (AC +1)


   Skills:
 - Level 4.0 Fighting
 - Level 2.6 Dodging
 - Level 2.6 Shields
 + Level 3.0 Unarmed Combat


You had one spell level left.
You didn't know any spells.
Your spell library was empty.

Inventory:

Hand Weapons
 e - a +0 spear {polearm}
   (You found it on level 1 of the Dungeon)
 g - a +0 dagger {short}
   (You took it off a goblin on level 1 of the Dungeon)
 i - a +0 club {mace}
   (You found it on level 1 of the Dungeon)
 j - a +0 dagger {short}
   (You took it off a goblin on level 1 of the Dungeon)
Armour
 a - a +0 robe (worn)
 b - a +0 kite shield (worn)
Jewellery
 h - a ring of magical power (left hand)
   (You found it on level 1 of the Dungeon)
Scrolls
 d - a scroll of enchant armour {unknown}
 f - 2 scrolls of identify {unknown}

Dungeon Overview and Level Annotations

Branches:
Dungeon (1/15)

Altars:

.....# ##.##
###### #...# #
#.#.# # ###...# #
#.....# # #
#.##..# .## #
#.##..# ...#. #
#.##..#####.(....
#
#.##.....@)....#
#
#.###.#####$..##
# #.###.# .....
#.....# .##.
####### # ## .#
##


There were no monsters in sight!


Message History

You hit the jackal.
The jackal bites you but does no damage.
You barely miss the jackal. The jackal bites you.
The jackal bites you but does no damage. 😕 HP[-3]
You take 3 damage, and now have 26/32 hp.
You are too injured to fight recklessly!
You are too injured to fight recklessly!
You are too injured to fight recklessly!
You are too injured to fight recklessly!
You are too injured to fight recklessly!
You are too injured to fight recklessly!
You are too injured to fight recklessly!
You are too injured to fight recklessly!
You are too injured to fight recklessly!
You are too injured to fight recklessly!
You are too injured to fight recklessly!
You are too injured to fight recklessly!
You are too injured to fight recklessly!
You are too injured to fight recklessly!
You are too injured to fight recklessly!
You are too injured to fight recklessly!
You are too injured to fight recklessly!
You are too injured to fight recklessly!
You are too injured to fight recklessly!
Unknown command.
You barely miss the jackal. The jackal barely misses you.
You hit the jackal.
You kill the jackal!
You block the jackal's attack.
You hit the jackal.
You kill the jackal!
The jackal bites you.
You barely miss the jackal. The jackal bites you.
The jackal bites you but does no damage. 😮 HP[-4]
You take 4 damage, and now have 22/32 hp.
You barely miss the jackal.
The jackal bites you but does no damage.
You barely miss the jackal.
A giant cockroach comes into view.
The jackal closely misses you. You block the jackal's attack.
The giant cockroach moves out of view. 😮 HP[+1]
You closely miss the jackal. The jackal bites you. 😮 HP[-1]
You take 1 damage, and now have 22/32 hp.
You hit the jackal.
You kill the jackal!
You block the jackal's attack.
You hit the jackal.
You kill the jackal!
You closely miss the goblin. You block the goblin's attack.
You hit the goblin.
You kill the goblin!
The endoplasm freezes you.
You are frozen.
Your Unarmed Combat skill increases to level 3! 😮 HP[-2]
You take 2 damage, and now have 20/32 hp.
You hit the endoplasm but do no damage.
The endoplasm hits you but does no damage.
You hit the endoplasm but do no damage. You block the endoplasm's attack.
You barely miss the endoplasm. You block the endoplasm's attack.
You hit the endoplasm but do no damage.
The endoplasm hits you but does no damage. 😮 HP[+1]
You barely miss the endoplasm. The endoplasm freezes you.
You are frozen. 😮 HP[-2]
You take 2 damage, and now have 19/32 hp.
You hit the endoplasm. The endoplasm freezes you.
You are frozen.
* * * LOW HITPOINT WARNING * * *
😨 HP[-5]
You take 5 damage, and now have 14/32 hp.
You punch the endoplasm!
You kill the endoplasm!
You barely miss the kobold.
The kobold hits you with a +0 whip of venom.
* * * LOW HITPOINT WARNING * * *
You are poisoned. 😨 HP[-3]
You take 3 damage, and now have 11/32 hp.
You closely miss the kobold.
You feel sick. You block the kobold's attack. 😨 HP[-2]
You take 2 damage, and now have 9/32 hp.
Unknown command.
You feel very mighty all of a sudden.
You feel sick.
The kobold hits you with a +0 whip of venom.
* * * LOW HITPOINT WARNING * * *
You are more poisoned. 😱 HP[-5]
You take 5 damage, and now have 4/32 hp.
You hit the kobold.
You kill the kobold!
You die...

Skill      XL: |  1  2 |
---------------+-------+-----
Unarmed Combat | 2 3 |  3.0
Fighting       | |  4.0
Dodging        | |  2.6
Shields        | |  2.6

Action                   || total
-------------------------++-------
Melee: Unarmed           ||    83
  Use: Potion            ||     1
Armor: Robe              ||    29
Dodge: Dodged            ||    27
Block: Kite shield       ||    39

Levels and vault maps discovered:
D:1:      roderic_chinese_lattice_arrival, layout_loops_corners,
          patterned_corridor

Notes
Turn   | Place    | Note
-------+----------+-------------------------------------------
     0 | D:1      | spaghetti the Ogre Fighter began the quest for the Orb.
     0 | D:1      | Reached XP level 1. HP: 24/24 MP: 1/1
     0 | D:1      | magus.rc [v1.9.6]
    89 | D:1      | Reached skill level 2 in Unarmed Combat
   376 | D:1      | Reached XP level 2. HP: 24/32 MP: 2/2
   645 | D:1      | Reached skill level 3 in Unarmed Combat
   654 | D:1      | HP: 8/32 [poisoned by a kobold]
   655 | D:1      | Succumbed to a kobold's poison

Vanquished Creatures
  2 endoplasms (D:1)
  A giant cockroach (D:1)
  3 goblins (D:1)
  2 hobgoblins (D:1)
  4 jackals (D:1)
  3 ball pythons (D:1)
  2 bats (D:1)
  A kobold (D:1)
  2 rats (D:1)
20 creatures vanquished.

Table legend:
 A = Non-vault XP
 B = Vault XP
 C = Vault XP percentage of total XP
 D = Non-vault monster count
 E = Vault monster count
 F = Vault count percentage of total count
                 A         B        C        D         E       F
            +---------+---------+-------+---------+---------+-------
      Total |      33 |       0 |   0.0 |      20 |       0 |   0.0
            +---------+---------+-------+---------+---------+-------
        D:1 |      33 |       0 |   0.0 |      20 |       0 |   0.0
            +---------+---------+-------+---------+---------+-------

Illustrated notes

Table legend:
 A = Kills in this place as a percentage of kills in entire the game.
 B = Kills by you in this place as a percentage of kills by you in the entire game.
 C = Kills by friends in this place as a percentage of kills by friends in the entire game.
 D = Other kills in this place as a percentage of other kills in the entire game.
 E = Experience gained in this place as a percentage of experience gained in the entire game.
 F = Experience gained in this place divided by the number of levels of this place that you have seen.
                   A       B       C       D       E      F
               +-------+-------+-------+-------+-------+----------------------
         Total | 100.0 | 100.0 |   N/A |   N/A | 100.0 |  33.0
       Dungeon | 100.0 | 100.0 |   N/A |   N/A | 100.0 |  33.0
               +-------+-------+-------+-------+-------+----------------------

Table legend: (Time is in decaauts)
 A = Elapsed time spent in this place.
 B = Non-inter-level travel time spent in this place.
 C = Inter-level travel time spent in this place.
 D = Time resting spent in this place.
 E = Time spent auto-exploring this place.
 F = Levels seen in this place.
 G = Mean time per level.
                   A        B        C        D        E       F      G
               +--------+--------+--------+--------+--------+-----+--------+
         Total |    661 |    661 |      0 |      0 |    524 |   1 |  661.0 |
       Dungeon |    661 |    661 |      0 |      0 |    524 |   1 |  661.0 |
               +--------+--------+--------+--------+--------+-----+--------+

Top non-repeatable levels by time:
     D:1: 661 daAuts
